Map: New Gettysburg LE

Players

PtitDrogo - Winner!

  • Race: Protoss Protoss

Bunny

  • Race: Terran Terran

Event: 2016 WCS Summer Circuit Championship (DH Montreal)

VOD

Have the link to the VOD?

Description

Time

  • Played on: Aug. 12, 2016, 9:08 p.m.
  • Length: 12:23

All games in this series

Show
View Real Time Build Order
Export as new Build Order

PtitDrogo Protoss - Winner!

Build Orders: 1 Gate Expand, Oracle Opening 

Get SALT Encoding   

  12  0:00  Probe (Chrono Boost)  
  13  0:11  Probe (Chrono Boost)  
  14  0:18  Pylon  
  14  0:22  Probe (Chrono Boost)  
  15  0:37  Probe (Chrono Boost)  
  15  0:38  Gateway  
  16  0:47  Probe (Chrono Boost)  
  16  0:48  Assimilator  
  17  0:58  Probe (Chrono Boost)  
  18  1:08  Probe (Chrono Boost)  
  19  1:22  Nexus  
  19  1:25  Probe (Chrono Boost)  
  20  1:35  Cybernetics Core  
  20  1:39  Probe (Chrono Boost)  
  21  1:43  Assimilator  
  21  1:50  Probe (Chrono Boost)  
  22  1:55  Pylon  
  22  2:00  Probe (Chrono Boost)  
  23  2:13  Adept  
  23  2:14  Mothership Core (Chrono Boost)  
  27  2:23  Warp Gate  
  27  2:33  Probe (Chrono Boost)  
  29  2:37  Probe (Chrono Boost)  
  29  2:42  Adept  
  30  2:46  Probe (Chrono Boost), Pylon  
  30  2:48  Probe (Chrono Boost)  
  30  2:49  Pylon  
  33  2:58  Probe (Chrono Boost)  
  34  2:59  Probe (Chrono Boost)  
  35  3:07  Stargate  
  35  3:10  Probe (Chrono Boost)  
  36  3:17  Probe (Chrono Boost)  
  37  3:22  Probe (Chrono Boost)  
  38  3:28  Probe (Chrono Boost)  
  38  3:30  Pylon  
  40  3:34  Probe (Chrono Boost)  
  40  3:39  Probe (Chrono Boost)  
  41  3:46  Probe (Chrono Boost)  
  42  3:49  Probe (Chrono Boost)  
  43  3:58  Probe (Chrono Boost)  
  43  3:59  Oracle  
  43  4:03  Mothership Core (Chrono Boost)  
  43  4:08  Gateway x2  
  46  4:10  Probe (Chrono Boost)  
  46  4:21  Nexus  
  46  4:22  Probe x2 (Chrono Boost)  
  47  4:26  Stalker  
  47  4:30  Oracle  
  49  4:32  Probe (Chrono Boost)  
  49  4:34  Probe (Chrono Boost)  
  49  4:36  Pylon  
  54  4:40  Pylon  
  54  4:42  Assimilator  
  54  4:44  Assimilator  
  54  4:54  Probe (Chrono Boost)  
  54  4:55  Probe (Chrono Boost), Stalker  
  58  5:04  Probe (Chrono Boost)  
  58  5:06  Stalker  
  62  5:07  Twilight Council  
  62  5:08  Probe (Chrono Boost)  
  62  5:09  Forge  
  62  5:15  Probe (Chrono Boost)  
  62  5:16  Robotics Facility  
  62  5:20  Probe (Chrono Boost)  
  64  5:21  Pylon  
  64  5:25  Probe (Chrono Boost)  
  65  5:28  Stalker  
  65  5:32  Probe (Chrono Boost)  
  63  5:38  Protoss Ground Weapons Level 1, Phoenix  
  60  5:46  Probe x2 (Chrono Boost)  
  60  5:48  Probe (Chrono Boost)  
  63  5:50  Stalker x2  
  67  5:59  Probe (Chrono Boost)  
  67  6:00  Probe x2 (Chrono Boost), Blink  
  70  6:11  Probe x3 (Chrono Boost)  
  73  6:16  Observer  
  73  6:18  Sentry  
  75  6:23  Probe x2 (Chrono Boost)  
  75  6:24  Probe (Chrono Boost), Assimilator  
  79  6:29  Assimilator  
  79  6:31  Pylon  
  79  6:35  Probe x2 (Chrono Boost)  
  79  6:36  Probe (Chrono Boost)  
  79  6:38  Observer  
  79  6:39  Robotics Bay  
  82  6:40  Pylon  
  86  6:47  Probe (Chrono Boost)  
  86  6:48  Probe x2 (Chrono Boost)  
  86  6:56  Pylon  
  86  6:57  Immortal  
  86  6:59  Probe (Chrono Boost), Pylon  
  86  7:00  Probe x2 (Chrono Boost)  
  93  7:11  Probe (Chrono Boost)  
  93  7:12  Probe x2 (Chrono Boost)  
  96  7:24  Gateway  
  96  7:25  Protoss Ground Armor Level 1  
  96  7:26  Forge, Gateway  
  96  7:27  Gateway x2  
  96  7:31  Colossus  
  96  7:32  Adept x2  
  96  7:33  Adept  
  108  7:43  Pylon  
  108  7:46  Pylon  
  108  7:49  Resonating Glaives  
  108  7:54  Protoss Ground Weapons Level 2  
  108  7:56  Stalker x3  
  114  8:11  Gateway  
  114  8:13  Pylon  
  114  8:20  Sentry x2  
  114  8:23  Sentry, Colossus, Adept x3  
  132  8:28  Pylon  
  132  8:29  Pylon  
  132  8:33  Pylon  
  132  8:34  Photon Cannon  
  131  8:53  Adept x7  
  145  9:02  Fleet Beacon, Stargate  
  145  9:10  Colossus  
  145  9:19  Nexus  
  145  9:21  Pylon  
  145  9:23  Stalker x2  
  145  9:24  Stalker x2  
  159  9:44  Stalker x3  
  165  9:49  Pylon  
  165  9:51  Tempest  
  169  9:57  Colossus  
  169  9:58  Tempest  
  177  10:30  Tempest  
  159  10:36  Tempest  
  159  10:42  Adept x5  
  170  10:48  Probe x2 (Chrono Boost)  
  172  10:52  Assimilator  
  172  10:55  Assimilator  
  172  10:58  Photon Cannon  
  172  11:06  Colossus  
  172  11:07  Tempest  
  176  11:23  Adept x7  
  174  11:47  Stalker x7  
Show
View Real Time Build Order
Export as new Build Order

Bunny Terran 

Build Orders: Liberator Opening, Reaper Expand, MMM Bio 

Get SALT Encoding   

  12  0:00  SCV  
  13  0:13  SCV  
  14  0:18  Supply Depot  
  14  0:25  SCV  
  15  0:39  SCV  
  15  0:41  Barracks  
  16  0:44  Refinery  
  16  0:52  SCV  
  17  1:04  SCV  
  18  1:16  SCV  
  19  1:27  Reaper  
  19  1:28  Orbital Command  
  20  1:43  Command Center  
  20  1:47  Refinery  
  21  1:54  SCV  
  21  2:00  Barracks Reactor  
  21  2:02  Supply Depot  
  21  2:06  SCV  
  22  2:16  Factory  
  22  2:18  SCV  
  23  2:31  SCV  
  24  2:37  Marine x2  
  24  2:43  SCV  
  27  2:49  Bunker  
  27  2:55  Marine x2, Orbital Command  
  27  2:58  SCV  
  30  3:00  Factory Tech Lab  
  30  3:10  SCV  
  31  3:13  Marine x2  
  33  3:22  Cyclone  
  33  3:26  Starport  
  36  3:32  SCV  
  36  3:33  Supply Depot, SCV  
  38  3:34  Marine  
  38  3:40  Supply Depot  
  39  3:46  Liberator  
  38  3:54  SCV  
  39  4:02  SCV  
  39  4:03  Siege Tank  
  39  4:07  SCV  
  39  4:08  Supply Depot  
  46  4:12  Barracks Reactor  
  46  4:14  SCV  
  47  4:19  SCV  
  47  4:21  Supply Depot  
  48  4:26  SCV  
  48  4:31  SCV  
  50  4:38  Liberator, SCV  
  50  4:41  Command Center  
  50  4:43  SCV  
  52  4:50  SCV  
  52  4:51  Siege Tank  
  56  4:55  SCV  
  60  5:01  Supply Depot  
  60  5:03  SCV  
  60  5:06  Marine  
  62  5:07  SCV  
  62  5:11  Supply Depot, Marine  
  64  5:15  SCV  
  64  5:19  SCV  
  66  5:22  Barracks  
  66  5:27  SCV  
  67  5:30  Marine x2  
  67  5:31  Barracks, SCV  
  64  5:39  SCV  
  63  5:43  SCV  
  64  5:51  SCV  
  64  5:53  Engineering Bay  
  64  5:56  Orbital Command  
  65  5:57  Engineering Bay  
  65  5:59  Refinery  
  65  6:00  Refinery  
  65  6:02  Marine, SCV  
  67  6:06  SCV  
  65  6:13  Marine  
  65  6:14  SCV  
  65  6:18  Barracks Tech Lab x2  
  67  6:20  Terran Infantry Weapons Level 1, Marine  
  67  6:22  Missile Turret, SCV  
  69  6:29  Starport Reactor, SCV  
  70  6:33  Orbital Command  
  70  6:37  Barracks, SCV  
  70  6:39  Barracks  
  71  6:41  SCV  
  71  6:42  Combat Shields, Stimpack  
  71  6:45  Marine, Marauder  
  75  6:51  SCV  
  76  6:54  Marine, Marauder  
  76  6:56  SCV  
  80  7:02  SCV  
  80  7:03  SCV  
  82  7:08  SCV  
  82  7:12  Medivac x2  
  82  7:14  Marine, SCV  
  82  7:15  SCV, Marauder  
  92  7:16  Marine  
  92  7:17  Marauder  
  92  7:20  SCV  
  92  7:22  Missile Turret  
  96  7:25  Refinery  
  96  7:26  SCV, Refinery  
  96  7:27  SCV  
  96  7:29  Supply Depot  
  98  7:31  Terran Infantry Armor Level 1  
  98  7:32  Barracks Reactor, SCV  
  98  7:35  Factory Tech Lab  
  99  7:38  Starport, SCV  
  99  7:39  SCV  
  101  7:45  Supply Depot  
  101  7:49  Fusion Core  
  101  7:51  Liberator, Bunker, Marine x3, SCV x3  
  106  7:53  Marine x2  
  109  8:03  SCV x2  
  109  8:05  SCV  
  109  8:07  Liberator  
  109  8:08  Marine x3  
  115  8:13  Supply Depot, Marine x2  
  115  8:14  Supply Depot  
  115  8:19  Supply Depot, Marine x2  
  120  8:24  Liberator  
  120  8:26  Marine x2  
  125  8:31  Marine  
  125  8:33  Marine, Armory  
  125  8:35  Marine  
  125  8:37  Advanced Ballistics, Marine x2  
  131  8:44  Marine x2  
  131  8:47  Liberator  
  133  8:49  Marine  
  133  8:51  Marine  
  133  8:53  Marine, Barracks  
  133  8:55  Barracks, Marine x2  
  138  8:57  Supply Depot  
  138  8:58  Supply Depot  
  138  9:01  Liberator  
  138  9:02  Marine x2  
  140  9:07  Liberator, Marine  
  144  9:10  Marine x2  
  144  9:14  Marine, Marauder  
  149  9:18  Factory Reactor  
  149  9:20  Supply Depot, Marine  
  153  9:26  Marine x2  
  153  9:28  Marine  
  153  9:30  Liberator  
  159  9:32  Marine  
  159  9:37  Marine, Marauder  
  163  9:48  Marine x2  
  163  9:49  Marauder  
  170  9:55  Marauder  
  170  9:58  Liberator  
  172  10:02  Marine  
  173  10:08  Liberator  
  173  10:12  Liberator  
  173  10:15  Marine x2, Marauder  
  173  10:17  Marauder  
  181  10:23  Marine  
  181  10:25  Marauder  
  181  10:26  Marine  
  161  10:37  Marauder  
  161  10:39  Marauder  
  161  10:40  Liberator  
  161  10:41  Marine x2  
  161  10:42  Barracks Tech Lab x2  
  164  10:51  Liberator  
  164  10:53  Command Center  
  164  10:55  Liberator  
  164  10:56  Marine  
  163  10:57  Marauder  
  163  11:04  Marine, Marauder  
  168  11:07  Marine  
  168  11:08  Marauder  
  170  11:12  Marine, Marauder  
  170  11:15  Marine, Marauder  
  177  11:19  Marauder  
  177  11:21  Marine  
  177  11:25  Marine, Marauder  
  178  11:28  Marine  
  178  11:31  Marine  
  165  11:32  Marine  
  165  11:34  Marauder  
  165  11:35  SCV  
  165  11:37  Marauder  
  165  11:39  Marine  
  137  11:40  Marauder  
  137  11:43  Marine  
  132  11:47  Marauder x2  
  132  11:49  Marine  
  132  11:50  Marine  
  137  11:55  Marauder  
  137  11:57  Marine  
  137  11:58  Marauder  
  129  12:01  Marauder  
Tags
 
Add a new tag
Caveats
  • Supply blocks, unpowered buildings, or Contaminate may cause inaccurate times.
  • Supply counts are checked every 10 seconds.